 Dungeon Crawl Stone Soup version 0.30-a0-948-g4fa250aae5 (webtiles) character file.

Game seed: 15787780104888723313

265 Monkooky the Sneak (level 5, 0/31 HPs)
             Began as a Deep Elf Delver on Mar 26, 2023.
             Was a Believer of Dithmenos.
             Splashed by a jelly's acid (5 damage)
             ... on level 4 of the Dungeon.
             The game lasted 00:08:56 (3296 turns).

Monkooky the Sneak (Deep Elf Delver)                Turns: 3296, Time: 00:08:57

Health: 0/31       AC: -13   Str:  9    XL:     5   Next: 99%
Magic:  10/10      EV: 12    Int: 23    God:    Dithmenos [**....]
Gold:   100        SH:  0    Dex: 16    Spells: 4/8 levels left

rFire   . . .      SeeInvis .    i - +4 dagger
rCold   . . .      Faith    .    (no shield)
rNeg    . . .      Spirit   .    b - +0 leather armour
rPois   .          Reflect  .    (no helmet)
rElec   .          Rampage  .    (no cloak)
rCorr   .                        (no gloves)
Will    .....                    (no boots)
Stlth   ++++                     (no amulet)
HPRegen 0.25/turn                l - +6 ring of intelligence
MPRegen 0.12/turn                (no ring)

@: corroded, wreathed by umbra
A: no striking features
a: Renounce Religion, Shadow Step


You were on level 4 of the Dungeon.
You worshipped Dithmenos.
Dithmenos was pleased with you.
You visited 1 branch of the dungeon, and saw 5 of its levels.

You collected 100 gold pieces.

Inventory:

Hand Weapons
 a - a +0 short sword
 i - a +4 dagger (weapon)
 k - a +0 rapier of distortion
Armour
 b - a +0 leather armour (worn)
 w - a +0 buckler
Magical Staves
 o - a staff of death
Jewellery
 l - a +6 ring of intelligence (left hand)
Wands
 g - a wand of digging (3)
Scrolls
 c - 2 scrolls of fog
 d - a scroll of magic mapping
 n - 2 scrolls of teleportation {unknown}
 p - a scroll of noise
 r - a scroll of butterflies
 s - 2 scrolls of immolation
 t - a scroll of poison {unknown}
Potions
 e - 2 potions of degeneration {unknown}
 f - a potion of haste
 h - a potion of berserk rage {unknown}
 j - 2 potions of invisibility {unknown}
 m - a potion of might {unknown}
 q - 2 potions of brilliance {unknown}
 u - 2 potions of attraction {unknown}
 x - a potion of ambrosia {unknown}


   Skills:
 - Level 2.4 Fighting
 - Level 5.6 Short Blades
 - Level 2.4 Dodging
 - Level 6.0 Stealth
 + Level 2.2 Spellcasting
 + Level 1.5 Conjurations
 - Level 0.2 Transmutations


You had 4 spell levels left.
You knew the following spells:

 Your Spells              Type           Power      Damage    Failure   Level
a - Wereblood             Tmut           3%         N/A       24%         2
b - Searing Ray           Conj           18%        2d5       14%         2

Your spell library contained the following spells:

 Spells                   Type           Power      Damage    Failure   Level
 Magic Dart               Conj           36%        1d4       10%         1
 Momentum Strike          Conj/Tloc      12%        3d8       21%         2
 Blink                    Tloc           4%         N/A       26%         2
 Lesser Beckoning         Tloc           4%         N/A       26%         2
 Sublimation of Blood     Necr           2%         N/A       26%         2
 Ignite Poison            Fire/Tmut/Pois 2%         N/A       45%         3
 Gell's Gravitas          Tloc           2%         N/A       47%         3
 Kindle Blastsparks       Fire/Tloc/Air  4%         2d10      47%         3
 Teleport Other           Tloc           2%         N/A       47%         3
 Fulminant Prism          Conj/Hex       3%         3d5       78%         4
 Petrify                  Tmut/Erth      3%         N/A       86%         4
 Irradiate                Conj/Tmut      3%         3d12      98%         5
 Freezing Cloud           Conj/Ice/Air   2%         6-21      99%         5
 Summon Hydra             Summ           1%         N/A       100%        7


Dungeon Overview and Level Annotations

Branches:
Dungeon (5/15)
 Temple: D:4-7

Altars:
Dithmenos
The Shining One

Shops:
D:3 [

Annotations:
D:2 exclusion: downstairs
D:4 exclusions: door and ogre


Message History

p - a scroll of noise
As you read the scroll of identify, it crumbles to dust.
r - a scroll of butterflies
Okay, then.
You climb downwards.
Level annotation: exclusion: ogre
There is a stone staircase leading up here.
You open the door.
A worm and an adder come into view.
You close the door.
A kobold comes into view.
It is wielding a +1 dagger of holy wrath.
The kobold shouts!
The kobold hits you with a +1 dagger of holy wrath.
You closely miss the kobold.
The kobold hits you with a +1 dagger of holy wrath.
You hit the kobold.
The kobold is severely wounded.
You hit the kobold.
You kill the kobold!
Dithmenos accepts your kill.
You can now step into the shadows of nearby creatures.
No target in view!
HP restored.
Things that are here:
a +1 dagger of holy wrath; 3 stones A jelly comes into view.
You catch the helpless jelly completely off-guard!
You impale the jelly!!
Your hands burn!
The jelly is severely wounded.
The jelly hits you. The acid corrodes you!
You are splashed with acid!
You hit the jelly but do no damage. The acid corrodes you!
Your hands burn!
You punch the jelly, but do no damage.
The jelly is severely wounded.
You hit the jelly but do no damage.
Your hands burn!
The jelly is severely wounded.
The jelly jiggles.
The jelly hits you. The acid corrodes you!
You are splashed with acid!
* * * LOW HITPOINT WARNING * * *
You hit the jelly but do no damage. The acid corrodes you!
Your hands burn!
You die...

.......###.#
##.#....†..#
##.#######.# ...# #.#
#### #.# #.####
#.##.##
#.#.#.########
#..#...@J....#
...#####.#...######.#
#.....)....##
#####.....## ##...##
##.## #.# #.# #+#


You could see a jelly.

Vanquished Creatures
  A scorpion (D:4)
  An orc priest (D:3)
  3 orc wizards
  An adder (D:2)
  A dart slug (D:1)
  10 orcs
  6 endoplasms
  12 goblins
  6 hobgoblins
  4 jackals (D:1)
  6 quokkas
  3 ball pythons
  8 bats
  4 frilled lizards
  4 kobolds
  8 rats
78 creatures vanquished.

Notes
Turn   | Place    | Note
-------+----------+-------------------------------------------
     0 | D:5      | Monkooky the Deep Elf Delver began the quest for the Orb.
     0 | D:5      | Reached XP level 1. HP: 13/13 MP: 3/3
    56 | D:4      | Noticed an ogre
    83 | D:4      | Noticed an iguana
   321 | D:3      | Found a shadowy altar of Dithmenos.
   333 | D:3      | Became a worshipper of Dithmenos the Shadowed
   342 | D:3      | Reached XP level 2. HP: 18/18 MP: 4/4
   374 | D:3      | Found Nurgh's Armour Shoppe.
   863 | D:1      | Reached XP level 3. HP: 22/22 MP: 5/5
  1099 | D:1      | Reached * piety under Dithmenos
  1105 | D:1      | Learned a level 2 spell: Wereblood
  1399 | D:1      | Reached XP level 4. HP: 23/27 MP: 7/7
  1563 | D:2      | Found a faded altar of an unknown god.
  2289 | D:3      | Reached skill level 5 in Short Blades
  2427 | D:3      | Found a glowing golden altar of the Shining One.
  2602 | D:3      | Reached XP level 5. HP: 31/31 MP: 8/8
  3054 | D:3      | Learned a level 2 spell: Searing Ray
  3117 | D:4      | Reached skill level 1 in Spellcasting
  3163 | D:4      | Reached skill level 1 in Conjurations
  3265 | D:4      | Reached ** piety under Dithmenos
  3296 | D:4      | Splashed by a jelly's acid

Illustrated notes

Levels and vault maps discovered:
D:1:      arrival_zaba_pyramid, layout_rooms
D:2:      layout_loops_corners, hellmonk_ecumenical_altar_blasted
D:3:      layout_basic, lemuel_round_altar, grunt_dithmenos_smoke, serial_shops,
          shop, nrook_campfire
D:4:      layout_loops_corners
D:5:      layout_layer_cave, dreamdust_princess_bridge

Skill      XL: |  1  2  3  4  5 |
---------------+----------------+-----
Short Blades   | 3 4 5 |  5.6
Spellcasting   | 2 |  2.2
Conjurations   | 1 |  1.5
Fighting       | |  2.4
Dodging        | |  2.4
Stealth        | |  6.0
Transmutations | |  0.2

Action                     |  1- 3 |  4- 6 || total
---------------------------+-------+-------++-------
  Melee: Dagger            |    96 |   119 ||   215
         Short sword       |     1 |       ||     1
         Punch             |     1 |     3 ||     4
   Cast: Wereblood         |       |     3 ||     3
    Use: Scroll            |     1 |     3 ||     4
   Stab: Sleeping          |    15 |     7 ||    22
         Distracted        |       |     1 ||     1
 Armour: Leather armour    |    25 |    16 ||    41
  Dodge: Dodged            |    46 |    55 ||   101

Table legend: (Time is in decaauts)
 A = Elapsed time spent in this place.
 B = Non-inter-level travel time spent in this place.
 C = Inter-level travel time spent in this place.
 D = Time resting spent in this place.
 E = Time spent auto-exploring this place.
 F = Levels seen in this place.
 G = Mean time per level.
                   A        B        C        D        E       F      G
               +--------+--------+--------+--------+--------+-----+--------+
         Total |   3251 |   3059 |    192 |    281 |   2028 |   5 |  650.2 |
       Dungeon |   3251 |   3059 |    192 |    281 |   2028 |   5 |  650.2 |
               +--------+--------+--------+--------+--------+-----+--------+

Top non-repeatable levels by time:
     D:2: 1176 daAuts
     D:3: 1049 daAuts
     D:1: 616 daAuts
     D:4: 379 daAuts
     D:5: 29 daAuts
